 Dungeon Crawl Stone Soup version 0.27-a0-1342-ga99462a43c (webtiles) character file.

Game seed: 17062202636987111639

343 Delamore the Covert (level 6, 0/43 HPs)
             Began as an Octopode Brigand on June 27, 2021.
             Killed by divine providence
             ... invoked by an orc priest
              (9 damage)
             ... on level 4 of the Dungeon.
             The game lasted 00:03:27 (4166 turns).

Delamore the Covert (Octopode Brigand)              Turns: 4166, Time: 00:03:28

Health: 0/43       AC:  1    Str: 10    XL:     6   Next: 57%
Magic:  6/6        EV: 13    Int: 13    God:
Gold:   73         SH:  0    Dex: 16    Spells: 5/5 levels left

rFire    . . .     SeeInvis .   a - +3 dagger
rCold    . . .     Faith    .   (no shield)
rNeg     . . .     Spirit   .   (helmet restricted)
rPois    .         Reflect  .   (no amulet)
rElec    .         Harm     .   (no ring)
rCorr    .         Rampage  .   (no ring)
Will     .....                  (no ring)
Stlth    +++++.....             (no ring)
HPRegen  0.14/turn              (no ring)
MPRegen  0.10/turn              (no ring)
                                (no ring)
                                (no ring)

@: no status effects
A: almost no armour, amphibious, 8 rings, camouflage 1, gelatinous body 1,
(nimble swimmer 1), tentacles
a: no special abilities


You were on level 4 of the Dungeon.
You visited 1 branch of the dungeon, and saw 4 of its levels.

You collected 241 gold pieces.
You spent 168 gold pieces at shops.

Inventory:

Hand Weapons
 a - a +3 dagger (weapon)
Missiles
 b - 11 poisoned darts (quivered)
 c - a curare-tipped dart
 d - 19 boomerangs
Armour
 h - a +0 buckler
Wands
 v - a wand of mindburst (16)
Scrolls
 g - a scroll of blinking
 j - 2 scrolls of teleportation
Potions
 e - 2 potions of mutation
 i - 2 potions of curing
 k - 2 potions of flight
 l - 2 potions of degeneration {unknown}
 n - a potion of heal wounds
 r - a potion of invisibility {unknown}


   Skills:
 + Level 3.7 Fighting
 + Level 3.7 Short Blades
 - Level 2.0 Throwing
 - Level 1.0 Dodging
 * Level 8.5 Stealth


You had 5 spell levels left.
You didn't know any spells.
Your spell library contained the following spells:

 Spells                   Type           Power      Damage    Failure   Level
 Shock                    Conj/Air       0%         1d3       30%         1
 Static Discharge         Conj/Air       0%         N/A       43%         2
 Confusing Touch          Hex            0%         N/A       67%         3
 Gell's Gravitas          Tloc           0%         N/A       67%         3
 Swiftness                Air            0%         N/A       67%         3
 Airstrike                Air            0%         N/A       97%         4
 Petrify                  Tmut/Erth      0%         N/A       97%         4
 Lightning Bolt           Conj/Air       0%         1d11      100%        5
 Metabolic Englaciation   Hex/Ice        0%         N/A       100%        5
 Yara's Violent Unravell  Hex/Tmut       0%         3d3       100%        5


Dungeon Overview and Level Annotations

Branches:
Dungeon (4/15)
 Temple: D:4-7

Altars:
Fedhas
Beogh

Shops:
D:4 *[[


Innate Abilities, Weirdness & Mutations

You cannot wear most types of armour.
You are amphibious.
You can wear up to eight rings at the same time.
Your skin changes colour to match your surroundings (Stealth+).
Your rubbery body absorbs attacks. (AC +1, EV +1)
((You are camouflaged near water. (Stealth+)))
You have tentacles for arms and can constrict up to eight enemies at once.


Message History

The adder poisons you!
You barely miss the adder.
The orc priest shouts!
Your grab misses the adder.
You feel sick. The adder bites you.
You barely miss the adder. You grab the adder.
You squeeze the adder, but do no damage.
You constrict the adder.
You feel sick. The adder closely misses you.
The orc priest begins to cast a cantrip, but forgets the words!
You hit the adder.
The adder is heavily wounded.
You constrict the adder. The adder closely misses you.
You hit the adder.
The adder is almost dead.
You constrict the adder, but do no damage.
You feel sick. The adder bites you.
You hit the adder.
You kill the adder!
You feel sick.
The orc priest invokes the aid of Beogh against you.
Beogh smites you!
You feel sick. The orc priest closely misses you.
You hit the orc priest but do no damage.
You grab the orc priest.
You constrict the orc priest, but do no damage.
You feel sick.
You are no longer poisoned.
The orc priest hits you with a +0 flail of protection.
You hit the orc priest but do no damage.
You constrict the orc priest.
The orc priest hits you with a +0 flail of protection!
* * * LOW HITPOINT WARNING * * *
You barely miss the orc priest.
The orc priest is lightly wounded.
You constrict the orc priest, but do no damage.
You hit the orc priest.
The orc priest is moderately wounded.
You constrict the orc priest.
The orc priest invokes the aid of Beogh against you.
Beogh smites you!
You die...

.#
#.....###..#
.#
####.#.#.#.#
.####**
#.#..##.#
.....,*****
#.#.###.#
.#.##,,,,,*
#.#.###.#
.#.#*,,,,,*
#.......#
.#,.,,,,,,*
###.#####
.#*##,,,,,*
####.####
.####.,,,,*
#..o@...#
......*****
#.......#
.#####*
#.##.##.# .#
#.*#.#*.#
.##########
#,*#.#*,#
.)§.)))...#
*,*#.#*,*
§########.#
*,,...,,* §#
#.######.#***
§# #.<......#


You could see an orc priest.

Vanquished Creatures
  Sigmund (D:3)
  An orc priest (D:3)
  An orc wizard (D:3)
  A hound skeleton (D:4)
  3 adders
  An ufetubus (D:4)
  2 dart slugs
  12 orcs
  4 bats
  5 endoplasms
  3 giant cockroaches
  6 goblins
  9 hobgoblins
  8 jackals
  3 quokkas
  2 ball pythons
  3 frilled lizards
  11 kobolds
  4 rats
80 creatures vanquished.

Notes
Turn   | Place    | Note
-------+----------+-------------------------------------------
     0 | D:1      | Delamore the Octopode Brigand began the quest for the Orb.
     0 | D:1      | Reached XP level 1. HP: 14/14 MP: 1/1
   248 | D:1      | Reached XP level 2. HP: 19/19 MP: 2/2
   715 | D:1      | Reached skill level 6 in Stealth
   797 | D:1      | Reached XP level 3. HP: 25/25 MP: 3/3
  1557 | D:2      | Found a faded altar of an unknown god.
  1985 | D:3      | Reached XP level 4. HP: 15/30 MP: 4/4
  2529 | D:3      | Noticed Sigmund
  2543 | D:3      | Killed Sigmund
  2544 | D:3      | Reached skill level 7 in Stealth
  2544 | D:3      | Reached XP level 5. HP: 11/36 MP: 5/5
  2867 | D:3      | Reached skill level 8 in Stealth
  2867 | D:3      | Reached XP level 6. HP: 27/42 MP: 6/6
  3601 | D:4      | Found Xickodex's Armour Shoppe.
  3748 | D:4      | Found a blossoming altar of Fedhas.
  3802 | D:4      | Found Lonueps's Antique Armour Shop.
  4074 | D:4      | Found Keaxtes's Assorted Antiques.
  4082 | D:4      | Bought a scroll labelled HERIUM WEATU for 24 gold pieces
  4082 | D:4      | Bought a scroll labelled LITIONL WACEKO for 24 gold pieces
  4082 | D:4      | Bought a scroll labelled DUDE APSUMIAM for 24 gold pieces
  4082 | D:4      | Bought a lead wand for 96 gold pieces
  4166 | D:4      | Killed from afar by an orc priest

Illustrated notes

Levels and vault maps discovered:
D:1:      dpeg_arrival_erosion, layout_basic
D:2:      layout_loops_ring, hellmonk_ecumenical_altar_inner_sanctum
D:3:      layout_loops_ring, kennysheep_orc_chapel, uniq_sigmund
D:4:      layout_loops_cross, old_standard_altar, serial_shops, shop_fountains,
          nicolae_shop_waterfront, kennysheep_little_box

Skill      XL: |  1  2  3  4  5 |
---------------+----------------+-----
Stealth        | 6 7 8 |  8.5
Fighting       | 3 |  3.7
Short Blades   | 3 |  3.7
Throwing       | |  2.0
Dodging        | |  1.0

Action                   |  1- 3 |  4- 6 || total
-------------------------+-------+-------++-------
Melee: Dagger            |    80 |   104 ||   184
       Constrict         |    15 |    26 ||    41
       Tentacles         |     8 |    13 ||    21
Throw: Dart              |       |     2 ||     2
  Use: Scroll            |       |    12 ||    12
 Stab: Sleeping          |    21 |     5 ||    26
       Distracted        |       |     1 ||     1
Armor: Skin              |     1 |     2 ||     3
Dodge: Dodged            |    29 |    46 ||    75

Table legend: (Time is in decaauts)
 A = Elapsed time spent in this place.
 B = Non-inter-level travel time spent in this place.
 C = Inter-level travel time spent in this place.
 D = Time resting spent in this place.
 E = Time spent auto-exploring this place.
 F = Levels seen in this place.
 G = Mean time per level.
                   A        B        C        D        E       F      G
               +--------+--------+--------+--------+--------+-----+--------+
         Total |   4138 |   4079 |     59 |    706 |   2859 |   4 | 1034.5 |
       Dungeon |   4138 |   4079 |     59 |    706 |   2859 |   4 | 1034.5 |
               +--------+--------+--------+--------+--------+-----+--------+

Top non-repeatable levels by time:
     D:3: 1478 daAuts
     D:1: 1102 daAuts
     D:2: 859 daAuts
     D:4: 697 daAuts
